 Dungeon Crawl Stone Soup version 0.29.0-15-g675c0067aa (webtiles) character file.

Game seed: 15106120701374891089

8173 qw the Cleaver (level 11, -16/95 HPs)
             Began as a Minotaur Berserker on Sept 12, 2022.
             Was an Elder of Trog.
             Demolished by a death yak (22 damage)
             ... on level 9 of the Dungeon.
             The game lasted 00:03:06 (9459 turns).

qw the Cleaver (Minotaur Berserker)                 Turns: 9459, Time: 00:03:07

Health: -16/95     AC: 14    Str: 31    XL:     11   Next: 6%
Magic:  10/10      EV:  7    Int:  4    God:    Trog [****..]
Gold:   900        SH: 11    Dex: 11    Spells: 10/10 levels left

rFire   . . .      SeeInvis .   Y - +4 hand axe
rCold   + . .      Faith    .   m - +0 kite shield
rNeg    . . .      Spirit   .   j - +0 plate armour
rPois   .          Reflect  .   (helmet restricted)
rElec   .          Harm     .   c - +0 cloak
rCorr   .          Rampage  .   (no gloves)
Will    .....                   (no boots)
Stlth   ..........              o - amulet of regeneration
HPRegen 1.05/turn               e - +6 ring of strength
MPRegen 0.12/turn               d - ring of protection from cold

@: about to teleport, on berserk cooldown, slowed, very slow
A: horns 2, retaliatory headbutt
a: Renounce Religion, Berserk, Trog's Hand, Brothers in Arms


You were on level 9 of the Dungeon.
You worshipped Trog.
Trog was greatly pleased with you.
You visited 1 branch of the dungeon, and saw 9 of its levels.

You collected 966 gold pieces.
You spent 66 gold pieces at shops.


Innate Abilities, Weirdness & Mutations

You have a pair of horns on your head.
You reflexively headbutt those who attack you in melee.


   Skills:
 + Level 8.6 Fighting
 - Level 14.5 Axes
 - Level 1.0 Throwing
 - Level 7.0 Armour
 - Level 3.2 Dodging
 - Level 10.1 Shields


You had 10 spell levels left.
You didn't know any spells.
Your spell library was empty.

Inventory:

Hand Weapons
 q - a +2 vampiric whip
 Y - a +4 hand axe (weapon)
Missiles
 a - a boomerang (quivered)
Armour
 c - a +0 cloak (worn)
 j - a +0 plate armour (worn)
 m - a +0 kite shield (worn)
Jewellery
 d - a ring of protection from cold (right hand)
 e - a +6 ring of strength (left hand)
 o - an amulet of regeneration (around neck)
 s - a +1 ring of slaying {mikee}
Scrolls
 i - a scroll of identify
Potions
 b - a potion of mutation
 g - a potion of might
 h - 2 potions of heal wounds
 k - 3 potions of curing
 l - a potion of cancellation {unknown}
 p - a potion of flight {unknown}
 r - 2 potions of haste {unknown}
 t - a potion of resistance
 u - a potion of berserk rage {unknown}

Dungeon Overview and Level Annotations

Branches:
Dungeon (9/15)             Temple (0/1) D:6
   Lair: D:8-11         Orc: D:9-12

Altars:
Gozag
Hepliaklqana
Ru
Trog
Wu Jian
Yredelemnul

Shops:
D:3 =   D:4 [

Annotations:
D:3 1 runed translucent door, Crazy Yiuf
D:8 1 runed translucent door


Message History

You block the death yak's attack. x3
You hit the death yak but do no damage.
The death yak is almost dead.
You hit the death yak. You hit the death yak but do no damage.
You hit the death yak.
The death yak is almost dead.
You hit the death yak but do no damage. You hit the death yak.
You completely miss the death yak. You headbutt the death yak!
The death yak is almost dead.
You hit the death yak but do no damage. You slash the death yak!
The death yak gores you but does no damage. x3
You slash the death yak!
You kill the death yak!
Trog accepts your kill.
You slash the death yak! You barely miss the death yak.
You slash the death yak!
The death yak is severely wounded.
You hit the death yak. The death yak gores you!!
You hit the death yak. You headbutt the death yak!
The death yak is almost dead.
You slash the death yak! You barely miss the death yak.
Your headbutt misses the death yak.
The death yak is almost dead.
You slash the death yak! You block the death yak's attack.
The death yak gores you!
You slash the death yak!
You kill the death yak!
Trog accepts your kill.
You slash the death yak! You barely miss the death yak.
You are no longer berserk.
You are exhausted.
You feel yourself slow down.
Your Shields skill increases to level 10!
You have reached level 11!
9459 ||| READING scroll of teleportation.
As you read the scroll of teleportation, it crumbles to dust.
You feel strangely unstable. The death yak gores you!!
You die...

.........#...#.#...###
.........##..###.....#
......(...##.........##
.........####...##.##.#
........## ##..##..#.#
........## ##..#....#
## ....##...##
##.?...####. ###.
###..# #.#.....###.? .
#Y@# ........#.... .
#.Y# .............
..... ....####.##..
#....... ...# #.....
##.......... ......
.........# #.....#
....###...# .....##
..... ...# ........
##....#.


You could see 2 death yaks.

Vanquished Creatures
  A two-headed ogre (D:9)
  4 death yaks (D:9)
  Pikel (D:5)
  A manticore (D:8)
  A hornet (D:8)
  3 steam dragons
  Menkaure (D:5)
  An acid dragon (D:8)
  4 water moccasins
  A sky beast (D:7)
  3 black bears
  An orc warrior (D:6)
  3 ice beasts (D:8)
  2 centaurs
  An ogre (D:6)
  2 lemures (D:5)
  2 kobold brigands (D:8)
  2 phantoms (D:6)
  A gnoll sergeant (D:6)
  2 necrophages (D:6)
  3 scorpions
  7 wights
  5 killer bees (D:8)
  4 howler monkeys
  3 hounds
  7 jellies
  4 orc priests
  5 iguanas
  Natasha (thrice) (D:3)
  3 orc wizards (D:4)
  11 adders
  A shadow imp (D:6)
  A white imp (D:6)
  An ufetubus (D:7)
  2 worms
  4 dart slugs
  20 orcs
  10 ball pythons
  6 bats
  8 endoplasms
  3 giant cockroaches
  5 goblins
  6 hobgoblins
  7 jackals
  21 kobolds
  6 quokkas
  7 frilled lizards
  8 rats
208 creatures vanquished.

Vanquished Creatures (others)
  A wight (D:7)
1 creature vanquished.

Grand Total: 209 creatures vanquished

Notes
Turn   | Place    | Note
-------+----------+-------------------------------------------
     0 | D:1      | qw the Minotaur Berserker began the quest for the Orb.
     0 | D:1      | Reached XP level 1. HP: 19/19 MP: 0/0
     0 | D:1      | 0 ||| qw: Version: 0.1-a-119-g272c26d
     0 | D:1      | 0 ||| qw: Game counter: 10889
     0 | D:1      | 0 ||| qw: Always use a shield: true
     0 | D:1      | 0 ||| qw: Do Orc after D:15 true
     0 | D:1      | 0 ||| qw: Do second Lair branch before Depths: true
     0 | D:1      | 0 ||| qw: Lair rune preference: random
     0 | D:1      | 0 ||| qw: Plans: Normal
     0 | D:1      | 0 ||| PLANNING D:1-11
    31 | D:1      | Reached skill level 4 in Axes
   199 | D:1      | Reached XP level 2. HP: 20/26 MP: 1/1
   500 | D:1      | 500 ||| Stepping ~*~*~tactically~*~*~ (stealth).
   509 | D:1      | Reached skill level 5 in Axes
   650 | D:1      | Reached XP level 3. HP: 31/31 MP: 2/2
   938 | D:1      | 938 ||| UPGRADING to +6 ring of strength.
   939 | D:1      | 939 ||| READING 3 scrolls labelled CUHIGATRIKK.
   942 | D:1      | 942 ||| READING 2 scrolls labelled VEER NAGHEGEO.
   974 | D:2      | Reached ** piety under Trog
   978 | D:2      | 978 ||| FLEEEEING.
   979 | D:2      | 979 ||| STAIRDANCE
  1108 | D:2      | 1108 ||| STAIRDANCE
  1127 | D:2      | 1127 ||| STAIRDANCE
  1251 | D:2      | Found a faded altar of an unknown god.
  1317 | D:2      | Reached XP level 4. HP: 33/39 MP: 3/3
  1386 | D:2      | 1386 ||| Stepping ~*~*~tactically~*~*~ (stealth).
  1613 | D:2      | 1613 ||| DROPPING +0 whip.
  1724 | D:2      | 1724 ||| UPGRADING to +0 ring mail.
  1734 | D:2      | 1734 ||| DROPPING +0 animal skin.
  1735 | D:2      | 1735 ||| UPGRADING to +0 scale mail.
  1745 | D:2      | 1745 ||| DROPPING +0 ring mail.
  1746 | D:2      | 1746 ||| READING 2 scrolls labelled BOIHOT XALUEGH.
  1747 | D:2      | 1747 ||| READING scroll labelled LOXU FOPEWN.
  1748 | D:2      | 1748 ||| READING scroll labelled GEMNIGO IMYPAAPUS.
  1749 | D:2      | 1749 ||| DROPPING scroll of magic mapping.
  1750 | D:2      | 1750 ||| READING 3 scrolls of teleportation.
  1765 | D:2      | Reached skill level 6 in Axes
  1911 | D:3      | Found Qiteppit's One-of-a-Kind Rings.
  1922 | D:3      | 1922 ||| BUYING +1 ring of slaying (66 gold).
  1922 | D:3      | Bought a +1 ring of slaying for 66 gold pieces
  1922 | D:3      | 1922 ||| SHOPLISTING +2 ring of evasion (110 gold, have
                  | 32).
  1922 | D:3      | 1922 ||| SHOPLISTING +4 ring of dexterity (165 gold, have
                  | 32).
  1922 | D:3      | 1922 ||| SHOPLISTING ring "Naorghiq" {Fly rCorr} (320 gold,
                  | have 32).
  1922 | D:3      | 1922 ||| SHOPLISTING ring "Pigiutur" {rPois EV+4 Str+4}
                  | (611 gold, have 32).
  1922 | D:3      | 1922 ||| SHOPLISTING ring "Xiado" {Ice rElec Str+2} (475
                  | gold, have 32).
  1923 | D:3      | Reached skill level 1 in Throwing
  1948 | D:3      | Found a runed translucent door.
  1949 | D:3      | Noticed Crazy Yiuf
  1981 | D:3      | Reached *** piety under Trog
  2074 | D:3      | Noticed Natasha
  2075 | D:3      | 2075 ||| FLEEEEING.
  2076 | D:3      | 2076 ||| FLEEEEING.
  2077 | D:3      | 2077 ||| FLEEEEING.
  2078 | D:3      | 2078 ||| FLEEEEING.
  2079 | D:3      | 2079 ||| FLEEEEING.
  2080 | D:3      | 2080 ||| FLEEEEING.
  2081 | D:3      | 2081 ||| FLEEEEING.
  2086 | D:3      | 2086 ||| FLEEEEING.
  2087 | D:3      | 2087 ||| FLEEEEING.
  2088 | D:3      | 2088 ||| FLEEEEING.
  2089 | D:3      | 2089 ||| FLEEEEING.
  2090 | D:3      | 2090 ||| FLEEEEING.
  2091 | D:3      | 2091 ||| FLEEEEING.
  2092 | D:3      | 2092 ||| FLEEEEING.
  2093 | D:3      | 2093 ||| FLEEEEING.
  2094 | D:3      | 2094 ||| FLEEEEING.
  2095 | D:3      | 2095 ||| FLEEEEING.
  2096 | D:3      | 2096 ||| FLEEEEING.
  2097 | D:3      | 2097 ||| FLEEEEING.
  2098 | D:3      | 2098 ||| FLEEEEING.
  2099 | D:3      | 2099 ||| FLEEEEING.
  2100 | D:3      | 2100 ||| FLEEEEING.
  2101 | D:3      | 2101 ||| FLEEEEING.
  2102 | D:3      | 2102 ||| FLEEEEING.
  2103 | D:3      | 2103 ||| STAIRDANCE
  2153 | D:2      | 2153 ||| UPGRADING to +1 ring mail of fire resistance.
  2163 | D:2      | 2163 ||| UPGRADING to +1 ring of slaying {mikee}.
  2164 | D:2      | 2164 ||| READING scroll labelled BOAROB SAAVVADY.
  2165 | D:2      | 2165 ||| READING 2 scrolls of identify.
  2165 | D:2      | 2165 ||| IDENTIFYING purple potion
  2166 | D:2      | 2166 ||| DROPPING potion of degeneration.
  2169 | D:3      | 2169 ||| STAIRDANCE
  2201 | D:3      | 2201 ||| INVOKING Berserk.
  2205 | D:3      | Killed Natasha
  2356 | D:3      | Noticed Natasha
  2360 | D:3      | 2360 ||| INVOKING Berserk.
  2361 | D:3      | Killed Natasha
  2362 | D:3      | Reached XP level 5. HP: 45/45 MP: 4/4
  2409 | D:3      | Noticed Natasha
  2413 | D:3      | 2413 ||| INVOKING Berserk.
  2415 | D:3      | Killed Natasha
  2416 | D:3      | Reached skill level 7 in Axes
  2784 | D:4      | 2784 ||| Stepping ~*~*~tactically~*~*~ (hiding).
  2799 | D:4      | 2799 ||| Stepping ~*~*~tactically~*~*~ (stealth).
  2807 | D:4      | 2807 ||| FLEEEEING.
  2808 | D:4      | 2808 ||| FLEEEEING.
  2809 | D:4      | 2809 ||| STAIRDANCE
  2901 | D:4      | 2901 ||| Stepping ~*~*~tactically~*~*~ (stealth).
  2903 | D:4      | 2903 ||| Stepping ~*~*~tactically~*~*~ (hiding).
  2906 | D:4      | 2906 ||| Stepping ~*~*~tactically~*~*~ (hiding).
  2909 | D:4      | 2909 ||| INVOKING Berserk.
  2920 | D:4      | Reached XP level 6. HP: 53/53 MP: 5/5
  2930 | D:4      | Reached skill level 8 in Axes
  2931 | D:4      | 2931 ||| Stepping ~*~*~tactically~*~*~ (stealth).
  2939 | D:4      | 2939 ||| FLEEEEING.
  2941 | D:4      | 2941 ||| FLEEEEING.
  2942 | D:4      | 2942 ||| FLEEEEING.
  2943 | D:4      | 2943 ||| STAIRDANCE
  3028 | D:4      | 3028 ||| Stepping ~*~*~tactically~*~*~ (hiding).
  3044 | D:4      | 3044 ||| Stepping ~*~*~tactically~*~*~ (stealth).
  3056 | D:4      | 3056 ||| INVOKING Berserk.
  3274 | D:4      | Found Wooteox's Antique Armour Boutique.
  3283 | D:4      | 3283 ||| SHOPLISTING chain mail (144 gold, have 135).
  3283 | D:4      | 3283 ||| SHOPLISTING glowing crystal plate armour (2656
                  | gold, have 135).
  3283 | D:4      | 3283 ||| SHOPLISTING quicksilver dragon scales (1920 gold,
                  | have 135).
  3283 | D:4      | 3283 ||| SHOPLISTING runed plate armour (832 gold, have
                  | 135).
  3283 | D:4      | 3283 ||| SHOPLISTING shiny orb (384 gold, have 135).
  3463 | D:4      | Reached skill level 9 in Axes
  3607 | D:4      | 3607 ||| DROPPING +0 scale mail.
  3608 | D:4      | 3608 ||| UPGRADING to +0 chain mail.
  3618 | D:4      | 3618 ||| UPGRADING to ring of protection from cold.
  3620 | D:4      | 3620 ||| DROPPING ring of ice.
  3621 | D:4      | 3621 ||| READING 2 scrolls labelled KODWUB KUHAVO.
  3622 | D:4      | 3622 ||| READING scroll labelled MYDAHI WAPNEDD.
  3623 | D:4      | 3623 ||| DRINKING 2 brown potions.
  3624 | D:4      | 3624 ||| DRINKING 2 glowing blue potions.
  3643 | D:4      | 3643 ||| READING 3 scrolls of identify.
  3643 | D:4      | 3643 ||| IDENTIFYING viscous dark potion
  3644 | D:4      | 3644 ||| READING 2 scrolls of identify.
  3644 | D:4      | 3644 ||| IDENTIFYING grey potion
  3645 | D:4      | 3645 ||| DROPPING potion of magic.
  3646 | D:4      | 3646 ||| DROPPING scroll of blinking.
  3647 | D:4      | 3647 ||| DROPPING potion of lignification.
  3658 | D:5      | Entered Level 5 of the Dungeon
  3666 | D:5      | Reached XP level 7. HP: 54/61 MP: 6/6
  3781 | D:5      | Noticed Pikel
  3788 | D:5      | 3788 ||| INVOKING Berserk.
  3793 | D:5      | Killed Pikel
  3794 | D:5      | Reached XP level 8. HP: 60/68 MP: 7/7
  4383 | D:5      | 4383 ||| Stepping ~*~*~tactically~*~*~ (stealth).
  4499 | D:5      | 4499 ||| Stepping ~*~*~tactically~*~*~ (stealth).
  4503 | D:5      | Noticed Menkaure
  4505 | D:5      | 4505 ||| INVOKING Berserk.
  4510 | D:5      | Reached skill level 10 in Axes
  4510 | D:5      | Reached **** piety under Trog
  4515 | D:5      | Killed Menkaure
  4516 | D:5      | Reached skill level 6 in Fighting
  4920 | D:5      | 4920 ||| UPGRADING to +0 cloak.
  4925 | D:5      | 4925 ||| DROPPING +0 ring mail of cold resistance.
  4926 | D:5      | 4926 ||| DROPPING ring of magical power.
  4927 | D:5      | 4927 ||| DRINKING 2 yellow potions.
  5054 | D:6      | Found a staircase to the Ecumenical Temple.
  5081 | D:6      | 5081 ||| INVOKING Berserk.
  5211 | D:6      | 5211 ||| INVOKING Berserk.
  5351 | D:6      | 5351 ||| Stepping ~*~*~tactically~*~*~ (cloud).
  5352 | D:6      | 5352 ||| Stepping ~*~*~tactically~*~*~ (cloud).
  5359 | D:6      | 5359 ||| INVOKING Berserk.
  5365 | D:6      | Reached skill level 11 in Axes
  5574 | D:6      | Reached XP level 9. HP: 67/75 MP: 8/8
  5650 | D:6      | 5650 ||| Stepping ~*~*~tactically~*~*~ (hiding).
  5652 | D:6      | 5652 ||| Stepping ~*~*~tactically~*~*~ (hiding).
  5654 | D:6      | 5654 ||| Stepping ~*~*~tactically~*~*~ (hiding).
  5655 | D:6      | 5655 ||| INVOKING Berserk.
  5660 | D:6      | Reached skill level 12 in Axes
  5794 | D:6      | 5794 ||| Stepping ~*~*~tactically~*~*~ (stealth).
  5800 | D:6      | 5800 ||| INVOKING Berserk.
  5916 | D:6      | 5916 ||| INVOKING Berserk.
  5938 | D:6      | 5938 ||| Stepping ~*~*~tactically~*~*~ (stealth).
  5939 | D:6      | 5939 ||| Stepping ~*~*~tactically~*~*~ (stealth).
  5940 | D:6      | 5940 ||| Stepping ~*~*~tactically~*~*~ (stealth).
  5941 | D:6      | 5941 ||| Stepping ~*~*~tactically~*~*~ (stealth).
  5942 | D:6      | 5942 ||| Stepping ~*~*~tactically~*~*~ (stealth).
  5959 | D:6      | 5959 ||| FLEEEEING.
  6120 | D:6      | 6120 ||| Stepping ~*~*~tactically~*~*~ (stealth).
  6122 | D:6      | 6122 ||| Stepping ~*~*~tactically~*~*~ (hiding).
  6210 | D:6      | 6210 ||| FLEEEEING.
  6211 | D:6      | 6211 ||| FLEEEEING.
  6212 | D:6      | 6212 ||| FLEEEEING.
  6322 | D:6      | 6322 ||| INVOKING Berserk.
  6456 | D:6      | Reached skill level 13 in Axes
  6566 | D:6      | 6566 ||| Stepping ~*~*~tactically~*~*~ (hiding).
  6570 | D:6      | 6570 ||| INVOKING Berserk.
  6576 | D:6      | Reached skill level 3 in Dodging
  6859 | D:6      | 6859 ||| INVOKING Berserk.
  7165 | D:6      | 7165 ||| UPGRADING to +0 plate armour.
  7175 | D:6      | 7175 ||| UPGRADING to +0 kite shield.
  7180 | D:6      | 7180 ||| DROPPING +1 ring mail of fire resistance.
  7181 | D:6      | 7181 ||| DROPPING +0 chain mail.
  7182 | D:6      | 7182 ||| UPGRADING to amulet of regeneration.
  7187 | D:6      | 7187 ||| READING scroll labelled HESOUR EQONUN.
  7188 | D:6      | 7188 ||| DRINKING 2 ruby potions.
  7189 | D:6      | 7189 ||| READING 3 scrolls of teleportation.
  7220 | D:7      | Reached skill level 1 in Shields
  7241 | D:7      | 7241 ||| SWAPPING to +4 hand axe.
  7242 | D:7      | 7242 ||| DROPPING +0 hand axe.
  7261 | D:7      | 7261 ||| INVOKING Berserk.
  7362 | D:7      | 7362 ||| Stepping ~*~*~tactically~*~*~ (stealth).
  7394 | D:7      | Reached skill level 3 in Shields
  7494 | D:7      | 7494 ||| DROPPING amulet of guardian spirit.
  7495 | D:7      | 7495 ||| Stepping randomly (cloudy).
  7496 | D:7      | 7496 ||| Stepping randomly (cloudy).
  7497 | D:7      | 7497 ||| READING 2 scrolls of teleportation.
  7536 | D:7      | 7536 ||| INVOKING Berserk.
  7685 | D:7      | Found a bloodstained altar of Trog.
  7686 | D:7      | Found a hazy altar of Hepliaklqana.
  7686 | D:7      | Found a sacrificial altar of Ru.
  8041 | D:7      | 8041 ||| READING 2 scrolls of teleportation.
  8174 | D:7      | 8174 ||| READING scroll of teleportation.
  8179 | D:7      | 8179 ||| Stepping randomly (stuck).
  8180 | D:7      | 8180 ||| Stepping randomly (stuck).
  8343 | D:8      | 8343 ||| Stepping ~*~*~tactically~*~*~ (hiding).
  8350 | D:8      | Reached skill level 6 in Shields
  8370 | D:8      | 8370 ||| Stepping ~*~*~tactically~*~*~ (stealth).
  8373 | D:8      | 8373 ||| Stepping ~*~*~tactically~*~*~ (stealth).
  8374 | D:8      | 8374 ||| Stepping ~*~*~tactically~*~*~ (stealth).
  8379 | D:8      | 8379 ||| Stepping ~*~*~tactically~*~*~ (stealth).
  8388 | D:8      | Reached XP level 10. HP: 86/86 MP: 9/9
  8411 | D:8      | Found a runed translucent door.
  8414 | D:8      | Found a basalt altar of Yredelemnul.
  8465 | D:8      | 8465 ||| Stepping ~*~*~tactically~*~*~ (stealth).
  8474 | D:8      | 8474 ||| INVOKING Berserk.
  8708 | D:8      | 8708 ||| READING 3 scrolls of identify.
  8708 | D:8      | 8708 ||| IDENTIFYING murky silvery potion
  8709 | D:8      | 8709 ||| READING 2 scrolls of identify.
  8709 | D:8      | 8709 ||| IDENTIFYING blue potion
  8710 | D:8      | 8710 ||| DROPPING potion of attraction.
  8883 | D:8      | Found an opulent altar of Gozag.
  8894 | D:8      | Noticed a manticore
  8895 | D:8      | 8895 ||| Stepping ~*~*~tactically~*~*~ (hiding).
  8899 | D:8      | 8899 ||| INVOKING Berserk.
  8904 | D:8      | Killed a manticore
  8915 | D:8      | Paralysed by a hornet for 2 turns
  9126 | D:8      | Found an ornate altar of the Wu Jian Council.
  9156 | D:8      | 9156 ||| READING scroll labelled AMUPAU LACHENE.
  9194 | D:9      | Reached skill level 9 in Shields
  9204 | D:9      | 9204 ||| Stepping ~*~*~tactically~*~*~ (stealth).
  9229 | D:9      | Noticed a two-headed ogre
  9234 | D:9      | 9234 ||| INVOKING Berserk.
  9237 | D:9      | Killed a two-headed ogre
  9395 | D:9      | 9395 ||| Stepping ~*~*~tactically~*~*~ (stealth).
  9396 | D:9      | 9396 ||| Stepping ~*~*~tactically~*~*~ (stealth).
  9425 | D:9      | Noticed a death yak
  9426 | D:9      | Noticed a death yak
  9430 | D:9      | 9430 ||| INVOKING Berserk.
  9430 | D:9      | Noticed a death yak
  9431 | D:9      | Noticed a death yak
  9434 | D:9      | Noticed a death yak
  9434 | D:9      | Noticed a death yak
  9439 | D:9      | Killed a death yak
  9446 | D:9      | Killed a death yak
  9447 | D:9      | Reached skill level 14 in Axes
  9448 | D:9      | HP: 32/135 [death yak (15)]
  9454 | D:9      | Killed a death yak
  9455 | D:9      | HP: 15/135 [death yak (20)]
  9457 | D:9      | HP: 5/135 [death yak (11)]
  9458 | D:9      | Killed a death yak
  9459 | D:9      | Reached XP level 11. HP: 4/95 MP: 10/10
  9459 | D:9      | 9459 ||| READING scroll of teleportation.
  9459 | D:9      | Demolished by a death yak

Levels and vault maps discovered:
D:1:      roderic_crossed_star, layout_loops_ring
D:2:      layout_rooms, basic_ecumenical_altar
D:3:      layout_basic, nicolae_shop_unique_rings, kennysheep_decorative_pillar,
          uniq_crazy_yiuf_cottage, uniq_natasha
D:4:      layout_rooms, serial_shops, nicolae_lakefront_shop,
          kennysheep_generic_room_6
D:5:      layout_basic, uniq_menkaure, uniq_pikel
D:6:      minmay_polygon_palace, layout_basic, lemuel_temple_firewalk_b
D:7:      layout_loops_ring, minitemple, kennysheep_doodads,
          minmay_misc_feat_roman, lemuel_flamethrower_2
D:8:      layout_basic, dk_yredelemnul_ordeal, mainiacjoe_overflow_swirl,
          minmay_microvault
D:9:      layout_cave_pools, dpeg_lair_monsters, hangedman_decor_points

Skill      XL: |  1  2  3  4  5  6  7  8  9 10 |
---------------+-------------------------------+-----
Axes           | 4 5 6 7 9 11 13 14 | 14.5
Throwing       | 1 |  1.0
Fighting       | 4 5 6 7 8 |  8.6
Armour         | 7 |  7.0
Dodging        | 3 |  3.2
Shields        | 6 10 | 10.1

Action                   |  1- 3 |  4- 6 |  7- 9 | 10-12 || total
-------------------------+-------+-------+-------+-------++-------
Melee: Hand axe          |    66 |   101 |   236 |    95 ||   498
       Headbutt          |     3 |    19 |    42 |    20 ||    84
       Punch             |       |     1 |     1 |       ||     2
Throw: Javelin           |    18 |    20 |     5 |       ||    43
       Boomerang         |       |     9 |    19 |    20 ||    48
Invok: Berserk           |       |     5 |    13 |     4 ||    22
  Use: Scroll            |     2 |    10 |     5 |     4 ||    21
       Potion            |       |     2 |     2 |       ||     4
Armor: Animal skin       |    14 |       |       |       ||    14
       Scale mail        |       |     8 |       |       ||     8
       Ring mail         |       |    20 |       |       ||    20
       Chain mail        |       |       |    55 |       ||    55
       Plate armour      |       |       |    25 |    29 ||    54
Dodge: Dodged            |    29 |    49 |    58 |    16 ||   152
Block: Kite shield       |       |       |    24 |    29 ||    53

Table legend:
 A = Non-vault XP
 B = Vault XP
 C = Vault XP percentage of total XP
 D = Non-vault monster count
 E = Vault monster count
 F = Vault count percentage of total count
                 A         B        C        D         E       F
            +---------+---------+-------+---------+---------+-------
      Total |    5841 |    5835 |  50.0 |     180 |      26 |  12.6
            +---------+---------+-------+---------+---------+-------
        D:1 |      48 |       0 |   0.0 |      26 |       0 |   0.0
        D:2 |      66 |       0 |   0.0 |      27 |       0 |   0.0
        D:3 |     112 |      36 |  24.3 |      18 |       1 |   5.3
        D:4 |     453 |       2 |   0.4 |      31 |       1 |   3.1
        D:5 |     513 |     866 |  62.8 |      20 |       2 |   9.1
        D:6 |     966 |    1189 |  55.2 |      11 |      17 |  60.7
        D:7 |     920 |       0 |   0.0 |      13 |       0 |   0.0
        D:8 |    1471 |     502 |  25.4 |      26 |       1 |   3.7
        D:9 |    1292 |    3240 |  71.5 |       8 |       4 |  33.3
            +---------+---------+-------+---------+---------+-------
